 Dungeon Crawl Stone Soup version 0.27-a0-1149-g4505690ab0 (webtiles) character file.

Game seed: 18185338543386981577

785 Bapho the Digger (level 7, 0/76 HPs)
             Began as a Gnoll Earth Elementalist on May 13, 2021.
             Was an Initiate of Cheibriados.
             Slain by a phantom (3 damage)
             ... on level 4 of the Dungeon.
             The game lasted 00:09:12 (5015 turns).

Bapho the Digger (Gnoll Earth Elementalist)         Turns: 5015, Time: 00:09:12

Health: 0/76       AC: 23    Str:  5 (8)  XL:     7   Next: 86%
Magic:  2/15       EV:  2    Int: 15 (17) God:    Cheibriados [......]
Gold:   173        SH:  0    Dex: 13 (14) Spells: 4/17 levels left

rFire    + . .     SeeInvis .   g - +1 demon blade (elec)
rCold    + . .     Faith    .   (no shield)
rNeg     + + +     Spirit   .   (armour currently unavailable)
rPois    +         Reflect  .   (helmet currently unavailable)
rElec    +         Harm     .   (cloak currently unavailable)
rCorr    +         Rampage  .   (gloves currently unavailable)
Will     .....     NoTele   +   (boots currently unavailable)
Stlth    +++.......             (no amulet)
HPRegen  0.22/turn              (no ring)
MPRegen  0.14/turn              (no ring)

@: brilliant, tree-form, resistant, studying Bows, very slow
A: stationary, stasis, torment immunity, boosted hp, (fangs 1), strong nose,
distributed training
a: Renounce Religion, Bend Time


You were on level 4 of the Dungeon.
You worshipped Cheibriados.
Cheibriados was noncommittal.
You were a tree.
You visited 1 branch of the dungeon, and saw 4 of its levels.

You collected 173 gold pieces.

Inventory:

Hand Weapons
 d - a +0 club
 e - a +0 short sword
 g - a +1 demon blade of electrocution (weapon)
 i - a +0 mace
 l - a +2 morningstar of protection
Missiles
 a - 2 throwing nets
 h - 45 stones
 o - 4 boomerangs of dispersal
 w - 8 curare-tipped darts
Armour
 c - a +0 robe (melded)
 f - a +0 pair of boots (melded)
 u - a +0 cloak (melded)
Scrolls
 b - 2 scrolls of amnesia
 p - a scroll of fear {unknown}
 q - a scroll of blinking {unknown}
 r - a scroll of summoning {unknown}
 s - a scroll of enchant armour {unknown}
 t - a scroll of enchant weapon {unknown}
Potions
 k - a potion of magic
 v - a potion of resistance


   Skills:
 + Level 2.7 Fighting
 + Level 2.7 Short Blades
 + Level 2.7 Long Blades
 + Level 2.7 Axes
 + Level 2.7 Maces & Flails
 + Level 2.7 Polearms
 + Level 2.7 Staves
 + Level 2.7 Slings
 + Level 2.7 Bows
 + Level 2.7 Crossbows
 + Level 2.7 Throwing
 + Level 2.7 Armour
 + Level 5.4 Dodging
 + Level 5.0 Stealth
 + Level 2.7 Shields
 + Level 2.7 Unarmed Combat
 + Level 5.7 Spellcasting
 + Level 2.2 Conjurations
 + Level 2.2 Hexes
 + Level 2.2 Summonings
 + Level 2.2 Necromancy
 + Level 2.2 Translocations
 + Level 3.1 Transmutations
 + Level 2.2 Fire Magic
 + Level 2.2 Ice Magic
 + Level 2.2 Air Magic
 + Level 5.9 Earth Magic
 + Level 2.2 Poison Magic
 + Level 3.0 Invocations
 + Level 2.7 Evocations


You had 4 spell levels left.
You knew the following spells:

 Your Spells              Type           Power      Damage    Failure   Level
a - Sandblast             Erth           66%        2d15      1%          1
b - Stone Arrow           Conj/Erth      48%        3d10      9%          3
c - Petrify               Tmut/Erth      26%        N/A       24%         4
d - Lee's Rapid Deconstr  Erth           16%        3d11*     36%         5

Your spell library contained the following spells:

 Spells                   Type           Power      Damage    Failure   Level
 Passwall                 Tmut/Erth      21%        N/A       3%          2


Dungeon Overview and Level Annotations

Branches:
Dungeon (4/15)
 Temple: D:4-7

Altars:
Cheibriados
Ru

Annotations:
D:4 Duvessa


Innate Abilities, Weirdness & Mutations

You are a tree.
Your roots penetrate the ground, keeping you stationary.
You cannot be teleported.
You are immune to unholy pain and torment.
Your maximum health is greatly increased.
Your equipment is partially melded.
((You have very sharp teeth.))
Your uncanny sense of smell can sniff out nearby items.
Your experience applies equally to all skills.


Message History

It was a potion of lignification.
You turn into a tree.
Your +0 cloak melds into your body.
Your +0 pair of boots melds into your body.
Your +0 robe melds into your body.
Your roots penetrate the ground.
The phantom barely misses you. The gnoll hits you but does no damage.
It was a potion of brilliance.
You feel clever all of a sudden.
The phantom hits you but does no damage.
The gnoll hits you but does no damage.
It was a potion of degeneration.
There was something very wrong with that liquid.
You feel weakened.
You feel dopey.
You feel clumsy.
The phantom hits you but does no damage.
The gnoll hits you but does no damage.
g - a +1 demon blade of electrocution The phantom hits you.
* * * LOW HITPOINT WARNING * * *
The gnoll hits you but does no damage.
Your +2 morningstar of protection goes still.
You hear the crackle of electricity.
g - a +1 demon blade of electrocution (weapon)
The phantom hits you but does no damage.
You barely miss the phantom.
The phantom is moderately damaged.
The gnoll hits you but does no damage. The phantom hits you.
* * * LOW HITPOINT WARNING * * *
Duvessa shouts!
You hit the phantom but do no damage. Lightning courses through the phantom!
The phantom is almost destroyed.
The gnoll hits you but does no damage.
The phantom hits you but does no damage.
You completely miss the phantom.
The phantom is almost destroyed.
The gnoll hits you but does no damage.
The phantom hits you but does no damage.
The gnoll hits you but does no damage.
You barely miss the phantom.
The phantom is almost destroyed.
The phantom hits you.
You die...

...... #....####
......# #.......
.....#####)..)#
....e...##....#
#.....##....#
#.....##)...###
#......g.......#
#.....W#....##.#
#...#♣...........
#.#.#.#....#..# #
###..###....##..#
#...##.#######.##
#.##...........##
#..)##.#######..#
###..###....##..#
#.#.#.#....#..#
#####...#.........#
.


You could see Duvessa, a phantom and a gnoll.

Vanquished Creatures
  Sigmund (D:4)
  A sky beast (D:4)
  An ogre (D:4)
  2 orc priests
  Ijyb (D:3)
  Natasha (thrice) (D:3)
  An orc wizard (D:3)
  10 gnolls
  7 adders
  A white imp (D:3)
  A worm (D:3)
  4 dart slugs
  7 orcs
  6 ball pythons
  8 endoplasms
  4 giant cockroaches
  6 goblins
  9 hobgoblins
  11 jackals
  3 quokkas
  3 bats
  6 frilled lizards
  7 kobolds
  7 rats
110 creatures vanquished.

Vanquished Creatures (others)
  An orc (D:3)
  5 plants (D:3)
6 creatures vanquished.

Grand Total: 116 creatures vanquished

Notes
Turn   | Place    | Note
-------+----------+-------------------------------------------
     0 | D:1      | Bapho the Gnoll Earth Elementalist began the quest for the
                  | Orb.
     0 | D:1      | Reached XP level 1. HP: 13/13 MP: 6/6
   202 | D:1      | Reached XP level 2. HP: 19/19 MP: 3/7
   568 | D:1      | Reached XP level 3. HP: 25/25 MP: 6/9
   571 | D:1      | Reached skill level 5 in Spellcasting
   582 | D:1      | Learned a level 3 spell: Stone Arrow
   923 | D:2      | Reached skill level 1 in Invocations
  1057 | D:2      | Reached skill level 1 in Fighting
  1057 | D:2      | Reached skill level 1 in Short Blades
  1057 | D:2      | Reached skill level 1 in Long Blades
  1057 | D:2      | Reached skill level 1 in Axes
  1057 | D:2      | Reached skill level 1 in Maces & Flails
  1057 | D:2      | Reached skill level 1 in Polearms
  1057 | D:2      | Reached skill level 1 in Staves
  1057 | D:2      | Reached skill level 1 in Slings
  1057 | D:2      | Reached skill level 1 in Bows
  1057 | D:2      | Reached skill level 1 in Crossbows
  1057 | D:2      | Reached skill level 1 in Throwing
  1057 | D:2      | Reached skill level 1 in Armour
  1057 | D:2      | Reached skill level 1 in Shields
  1057 | D:2      | Reached skill level 1 in Unarmed Combat
  1057 | D:2      | Reached skill level 1 in Evocations
  1091 | D:2      | Reached XP level 4. HP: 32/32 MP: 8/11
  1557 | D:2      | Reached skill level 1 in Conjurations
  1557 | D:2      | Reached skill level 1 in Hexes
  1557 | D:2      | Reached skill level 1 in Summonings
  1557 | D:2      | Reached skill level 1 in Necromancy
  1557 | D:2      | Reached skill level 1 in Translocations
  1557 | D:2      | Reached skill level 1 in Fire Magic
  1557 | D:2      | Reached skill level 1 in Ice Magic
  1557 | D:2      | Reached skill level 1 in Air Magic
  1557 | D:2      | Reached skill level 1 in Poison Magic
  1559 | D:2      | Reached XP level 5. HP: 37/37 MP: 2/12
  1799 | D:2      | Learned a level 4 spell: Petrify
  1805 | D:2      | Learned a level 5 spell: Lee's Rapid Deconstruction
  1982 | D:3      | Found a sacrificial altar of Ru.
  2427 | D:3      | Noticed Ijyb
  2470 | D:3      | Killed Ijyb
  2929 | D:3      | Noticed Natasha
  2933 | D:3      | Killed Natasha
  3119 | D:3      | Reached XP level 6. HP: 44/44 MP: 0/13
  3668 | D:3      | Noticed Natasha
  3672 | D:3      | Killed Natasha
  3877 | D:3      | Noticed Natasha
  3882 | D:3      | Reached skill level 5 in Dodging
  3886 | D:3      | Killed Natasha
  4234 | D:4      | Found a snail-covered altar of Cheibriados.
  4262 | D:4      | Became a worshipper of Cheibriados the Contemplative
  4392 | D:4      | Noticed a sky beast
  4398 | D:4      | Killed a sky beast
  4399 | D:4      | Reached XP level 7. HP: 39/50 MP: 2/15
  4551 | D:4      | Noticed Sigmund
  4558 | D:4      | Killed Sigmund
  4866 | D:4      | Reached skill level 5 in Stealth
  4999 | D:4      | Noticed Duvessa
  5005 | D:4      | Identified a scroll of acquirement
  5005 | D:4      | Acquired a +1 demon blade of electrocution
  5012 | D:4      | HP: 3/76 [phantom (3)]
  5015 | D:4      | Slain by a phantom

Illustrated notes

Levels and vault maps discovered:
D:1:      lemuel_arrival_cross, layout_basic
D:2:      minmay_general_purpose_star, layout_loops_ring
D:3:      cheibrodos_old_hovel, layout_loops_corners, general_overflow_altar,
          minmay_fractal_squares_gapless_5, uniq_ijyb, uniq_natasha
D:4:      layout_basic, kennysheep_slug_shrine, minmay_manual_monstrance,
          uniq_sigmund, uniq_duvessa

Skill      XL: |  1  2  3  4  5  6  7 |
---------------+----------------------+-----
Transmutations | 2 3 |  3.1
Spellcasting   | 5 |  5.7
Invocations    | 1 2 3 |  3.0
Fighting       | 1 2 |  2.7
Short Blades   | 1 2 |  2.7
Long Blades    | 1 2 |  2.7
Axes           | 1 2 |  2.7
Maces & Flails | 1 2 |  2.7
Polearms       | 1 2 |  2.7
Staves         | 1 2 |  2.7
Slings         | 1 2 |  2.7
Bows           | 1 2 |  2.7
Crossbows      | 1 2 |  2.7
Throwing       | 1 2 |  2.7
Armour         | 1 2 |  2.7
Shields        | 1 2 |  2.7
Unarmed Combat | 1 2 |  2.7
Evocations     | 1 2 |  2.7
Conjurations   | 1 2 |  2.2
Hexes          | 1 2 |  2.2
Summonings     | 1 2 |  2.2
Necromancy     | 1 2 |  2.2
Translocations | 1 2 |  2.2
Fire Magic     | 1 2 |  2.2
Ice Magic      | 1 2 |  2.2
Air Magic      | 1 2 |  2.2
Poison Magic   | 1 2 |  2.2
Dodging        | 5 |  5.4
Stealth        | 5 |  5.0
Earth Magic    | |  5.9

Action                   |  1- 3 |  4- 6 |  7- 9 || total
-------------------------+-------+-------+-------++-------
Melee: Short sword       |     3 |       |       ||     3
       Mace              |     6 |    15 |       ||    21
       Bite              |     1 |       |       ||     1
       Morningstar       |       |    57 |     6 ||    63
       Demon blade       |       |       |     4 ||     4
 Cast: Sandblast         |    45 |    14 |     2 ||    61
       Stone Arrow       |       |    54 |    17 ||    71
       Petrify           |       |     1 |       ||     1
  Use: Scroll            |       |     2 |     2 ||     4
       Potion            |       |     1 |     4 ||     5
 Stab: Distracted        |       |     1 |       ||     1
Armor: Robe              |     5 |    35 |     2 ||    42
       Skin              |       |       |    13 ||    13
Dodge: Dodged            |     6 |    80 |     9 ||    95

Table legend: (Time is in decaauts)
 A = Elapsed time spent in this place.
 B = Non-inter-level travel time spent in this place.
 C = Inter-level travel time spent in this place.
 D = Time resting spent in this place.
 E = Time spent auto-exploring this place.
 F = Levels seen in this place.
 G = Mean time per level.
                   A        B        C        D        E       F      G
               +--------+--------+--------+--------+--------+-----+--------+
         Total |   5135 |   5057 |     78 |     16 |   4434 |   4 | 1283.8 |
       Dungeon |   5135 |   5057 |     78 |     16 |   4434 |   4 | 1283.8 |
               +--------+--------+--------+--------+--------+-----+--------+

Top non-repeatable levels by time:
     D:3: 2251 daAuts
     D:2: 1107 daAuts
     D:4: 902 daAuts
     D:1: 873 daAuts
